 Dungeon Sprint DCSS version bcrawl-1.19.2-6-g6a88ae04c9 (webtiles) character file.

Game seed: 6942559177598962439

1400 pasperui the Unseen (level 8, 0/73 (74) HPs)
             Began as a Naga Transmuter on Jan 6, 2020.
             Was the Champion of Cheibriados.
             Slain by an ice devil (16 damage)
             ... in the Dungeon (Sprint VII: "The Pits").
             The game lasted 00:06:06 (1020 turns).

pasperui the Unseen (Naga Transmuter)               Turns: 1020, Time: 00:06:06

HP:   0/73 (74)     AC: 13    Str: 33    XL:     8   Next: 69%
MP:   8/11          EV: 16    Int: 29    God:    Cheibriados [******]
Gold: 12            SH:  0    Dex: 26    Spells: 5/11 levels left

rFire    . . .     SeeInvis +     - Unarmed
rCold    . . .     Gourm    .   (shield currently unavailable)
rNeg     . . .     Faith    .   w - +5 ring mail
rPois    +         Spirit   .   x - +0 helmet
rElec    .         Reflect  .   z - +0 cloak
rCorr    .         Harm     .   (gloves currently unavailable)
MR       +....     NoTele   +   (no barding)
Stlth    ++++++....             (no amulet)
HPRegen  0.22/turn              d - +3 ring of evasion
MPRegen  0.12/turn              r - +3 ring of strength

@: blade hands, slowed, very slow
A: large, see invisible, deformed body, poison resistance, slowness 2, slow
metabolism 1, spit poison 1, AC +2
a: Spit Poison, End Transformation, Bend Time, Temporal Distortion, Slouch, Step
From Time, Renounce Religion


You were in the Dungeon.
You worshipped Cheibriados.
Cheibriados was exalted by your worship.
You were not hungry.
You had blades for hands.
You visited 1 branch You collected 12 gold pieces.

Inventory:

Hand Weapons
 v - the +2 scimitar of Reinforcement {antimagic, *Corrode *Slow rPois SInv}
   (You found it in the Dungeon)

   It reduces the magical energy of the wielder, and disrupts the spells and
   magical abilities of those hit.
   Natural abilities and divine invocations are not affected.
   It protects you from poison.
   It lets you see invisible.
   It may corrode you when you take damage.
   It may slow you when you take damage.
Missiles
 a - 120 arrows
 p - 14 stones (quivered)
Armour
 w - a +5 ring mail (worn)
 x - a +0 helmet (worn)
 z - a +0 cloak (worn)
Magical Staves
 q - an uncursed staff of energy
Jewellery
 d - a +3 ring of evasion (left scythe-like blade)
 r - a +3 ring of strength (right scythe-like blade)
Wands
 y - a wand of paralysis (8)
Scrolls
 k - a scroll of blinking
 l - 2 scrolls of vulnerability
 m - 3 scrolls of remove curse
 n - 5 scrolls of amnesia
 o - a scroll of summoning
Potions
 c - 2 potions of invisibility
 e - 6 potions of curing
 g - 12 potions of heal wounds
 h - a potion of haste
 i - 4 potions of magic
 j - 6 potions of berserk rage
 s - a potion of mutation
 t - a potion of might
 u - a potion of agility
Comestibles
 f - 8 rations {!d}


   Skills:
 - Level 5.0 Fighting
 - Level 3.8 Armour
 * Level 4.4 Dodging
 - Level 15.6 Stealth
 - Level 6.0 Unarmed Combat
 - Level 2.1 Spellcasting
 - Level 11.7 Transmutations


You had 5 spell levels left.
You knew the following spells:

 Your Spells              Type           Power        Failure   Level  Hunger
a - Beastly Appendage     Tmut           ######       7%          1    None
b - Blade Hands           Tmut           ######....   24%         5    ######.

Your spell library contained the following spells:

 Spells                   Type           Power        Failure   Level  Hunger
 Sticks to Snakes         Tmut           ######..     8%          2    ##.....
 Spider Form              Tmut/Pois      ###          26%         3    ###....
 Ice Form                 Ice/Tmut       #####...     47%         4    ####...


Dungeon Overview and Level Annotations

Branches:
Dungeon (1/1)

Altars:
Ashenzari
Cheibriados
Dithmenos
Elyvilon
Fedhas
Gozag
Hepliaklqana
Kikubaaqudgha
Lugonu
Makhleb
Nemelex Xobeh
Okawaru
Qazlal
Ru
Sif Muna
Trog
Uskayaw
Vehumet
Wu Jian
Xom
Yredelemnul
Zin
The Shining One
Beogh
Jiyva

Annotations:
D Erica, Erolcha, Prince Ribbit


Innate Abilities, Weirdness & Mutations

You cannot wear boots.
Your serpentine skin is tough. (AC +2)
You have supernaturally acute eyesight. (SInv)
Armour fits poorly on your strangely shaped body.
Your system is resistant to poisons. (rPois)
You cover ground very slowly.
You have a slow metabolism.
You can spit poison.


Message History

Cheibriados appreciates the change of pace.
Your Dodging skill gained 3 levels and is now at level 4!
The ice devil completely misses you. The ice devil hits you.
The ice devil freezes you!
Unknown command.
You completely miss the ice devil. The ice devil barely misses you.
You hit the ice devil but do no damage. The ice devil closely misses you.
You slash the ice devil!
The ice devil is moderately wounded.
The ice devil completely misses you. The ice devil hits you!
The ice devil freezes you!!
You hit the ice devil.
The ice devil is moderately wounded.
The ice devil hits you but does no damage.
You hit the ice devil but do no damage.
The ice devil is moderately wounded.
The ice devil hits you.
* * * LOW HITPOINT WARNING * * *
The ice devil freezes you!
You die...

.#))#####'#####''#####
.#))##.......##''#
##))##.......##..#
÷#[[##.......##.)# #
.#'###...<...##..# .##
÷...##.......##..# n..#
....##.......##..## ....W
######.......##...##......
.#.. ##########.@†.'...O..
.#.############..4##......
.#.#....#..[.##..## ....@
.#'#....#..[.##..# 4..#
.#.'....'..))##..# .##
.#'#....#..))##..# #
.'.#.)..#..).##..#
##################


You could see Erolcha (sleeping) and an ice devil.

Vanquished Creatures
  Maurice (D)
  A guardian mummy (D)
  A bog body (D)
  A wraith (D)
  A basilisk (D)
  A porcupine (D)
  A big kobold (D)
  A scorpion (D)
  2 worker ants (D)
  2 gnolls (D)
  2 river rats (D)
  A white imp (D)
  An ooze (D)
  A leopard gecko (D)
  An orc (D)
  A bat skeleton (D)
  A giant cockroach (D)
  A goblin (D)
  4 jackals (D)
  A quokka (D)
  A kobold (D)
  A rat (D)
28 creatures vanquished.

Notes
Turn   | Place    | Note
-------+----------+-------------------------------------------
     0 | D        | pasperui the Naga Transmuter began the quest for the Orb.
     0 | D        | Reached XP level 1. HP: 18/18 MP: 3/3
    41 | D        | Found a glowing golden altar of the Shining One.
    41 | D        | Found a glowing silver altar of Zin.
    41 | D        | Found a basalt altar of Yredelemnul.
    41 | D        | Found a shimmering altar of Xom.
    41 | D        | Found an ornate altar of the Wu Jian Council.
    41 | D        | Found a bloodstained altar of Trog.
    41 | D        | Found a shimmering blue altar of Sif Muna.
    41 | D        | Found a sacrificial altar of Ru.
    41 | D        | Found a stormy altar of Qazlal.
    41 | D        | Found an iron altar of Okawaru.
    41 | D        | Found a sparkling altar of Nemelex Xobeh.
    41 | D        | Found a burning altar of Makhleb.
    41 | D        | Found a viscous altar of Jiyva.
    41 | D        | Found a hazy altar of Hepliaklqana.
    41 | D        | Found an opulent altar of Gozag.
    41 | D        | Found a blossoming altar of Fedhas.
    41 | D        | Found a white marble altar of Elyvilon.
    41 | D        | Found a shadowy altar of Dithmenos.
    41 | D        | Found a snail-covered altar of Cheibriados.
    42 | D        | Found a radiant altar of Vehumet.
    42 | D        | Found a corrupted altar of Lugonu.
    42 | D        | Found a roughly hewn altar of Beogh.
    43 | D        | Found a hide-covered altar of Uskayaw.
    43 | D        | Found an ancient bone altar of Kikubaaqudgha.
    43 | D        | Found a shattered altar of Ashenzari.
    55 | D        | Became a worshipper of Cheibriados the Contemplative
    74 | D        | Reached * piety under Cheibriados
    75 | D        | Reached ** piety under Cheibriados
   179 | D        | Reached skill level 5 in Unarmed Combat
   179 | D        | Reached XP level 2. HP: 19/25 MP: 3/5
   268 | D        | Reached *** piety under Cheibriados
   277 | D        | Reached XP level 3. HP: 34/36 MP: 6/6
   343 | D        | Noticed Prince Ribbit
   347 | D        | Reached **** piety under Cheibriados
   347 | D        | Reached skill level 5 in Fighting
   349 | D        | Reached XP level 4. HP: 45/46 MP: 5/7
   350 | D        | Noticed a big kobold
   356 | D        | Reached ***** piety under Cheibriados
   365 | D        | Killed a big kobold
   365 | D        | Reached XP level 5. HP: 35/52 MP: 6/8
   551 | D        | Learned a level 5 spell: Blade Hands
   552 | D        | Noticed a porcupine
   554 | D        | Killed a porcupine
   554 | D        | Reached XP level 6. HP: 29/61 MP: 3/9
   556 | D        | Noticed a basilisk
   559 | D        | Killed a basilisk
   789 | D        | Reached ****** piety under Cheibriados
   789 | D        | Reached skill level 1 in Stealth
   790 | D        | Reached skill level 2 in Stealth
   792 | D        | Reached skill level 5 in Stealth
   828 | D        | Noticed a guardian mummy
   828 | D        | Noticed Maurice
   833 | D        | Killed a guardian mummy
   833 | D        | Reached skill level 11 in Stealth
   833 | D        | Reached XP level 7. HP: 44/66 MP: 5/10
   838 | D        | Killed Maurice
   838 | D        | Reached skill level 15 in Stealth
   838 | D        | Reached XP level 8. HP: 40/73 MP: 5/11
   869 | D        | Got the +2 scimitar of Reinforcement {antimagic, *Corrode
                  | *Slow rPois SInv}
   982 | D        | Noticed a wraith
   987 | D        | Reached skill level 1 in Armour
   992 | D        | Killed a wraith
  1006 | D        | Noticed a bog body
  1006 | D        | Noticed a shadow
  1006 | D        | Noticed Erolcha
  1006 | D        | Noticed Erica
  1006 | D        | Noticed an ice devil
  1015 | D        | Killed a bog body
  1020 | D        | Slain by an ice devil

Skill      XL: |  1  2  3  4  5  6  7  8 |
---------------+-------------------------+-----
Unarmed Combat | 5 6 |  6.0
Fighting       | 4 5 |  5.0
Transmutations | 6 9 11 | 11.7
Stealth        | 11 15 | 15.6
Armour         | 3 |  3.8
Dodging        | 4 |  4.4
Spellcasting   | |  2.1

Action                   |  1- 3 |  4- 6 |  7- 9 || total
-------------------------+-------+-------+-------++-------
Melee: Unarmed           |    25 |    22 |    20 ||    67
       Headbutt          |     5 |       |       ||     5
       Punch             |     1 |       |     1 ||     2
 Cast: Beastly Appendage |     7 |     1 |       ||     8
       Blade Hands       |       |     3 |     2 ||     5
 Abil: Spit Poison       |     5 |     3 |     2 ||    10
       End Transformatio |     1 |     2 |       ||     3
  Use: Potion            |       |     1 |       ||     1
 Stab: Sleeping          |       |     1 |       ||     1
  Eat: Ration            |       |       |     1 ||     1
Armor: Robe              |     2 |     3 |       ||     5
       Skin              |       |     6 |       ||     6
       Ring mail         |       |       |     4 ||     4
Dodge: Dodged            |     9 |     6 |    15 ||    30
